 Dungeon Sprint DCSS version 0.28-a0-410-gbef64dd269 (webtiles) character file.

Game seed: 10212959194988231802

3912 Zeld the Warrior (level 10, -3/160 HPs)
             Began as a Minotaur Berserker on Sept 6, 2021.
             Was an Elder of Trog.
             Slain by a centaur warrior (9 damage)
             ... in the Dungeon (Sprint II: "The Violet Keep of Menkaure").
             The game lasted 00:02:49 (930 turns).

Zeld the Warrior (Minotaur Berserker)                Turns: 930, Time: 00:02:49

Health: -3/160     AC:  3    Str: 26    XL:     10   Next: 1%
Magic:  9/9        EV: 15    Int:  4    God:    Trog [****..]
Gold:   52         SH:  0    Dex:  9    Spells: 9/9 levels left

rFire   . . .      SeeInvis .   a - +1 hand axe (drain)
rCold   . . .      Faith    .   (no shield)
rNeg    . . .      Spirit   .   b - +0 animal skin
rPois   .          Reflect  .   (helmet restricted)
rElec   .          Harm     .   (no cloak)
rCorr   .          Rampage  .   (no gloves)
Will    .....      NoTele   +   (no boots)
Stlth   ..........              (no amulet)
HPRegen 0.36/turn               (no ring)
MPRegen 0.11/turn               (no ring)

@: mighty, berserking, slowed
A: horns 2, retaliatory headbutt
a: Renounce Religion, Berserk, Trog's Hand, Brothers in Arms


You were in the Dungeon.
You worshipped Trog.
Trog was greatly pleased with you.
You visited 1 branch You collected 729 gold pieces.
You spent 677 gold pieces at shops.

Inventory:

Hand Weapons
 a - a +1 hand axe of draining (weapon)
Armour
 b - a +0 animal skin (worn)
Potions
 c - a potion of curing
 d - 4 potions of heal wounds
 e - a potion of haste
 f - 2 potions of magic
 g - a potion of berserk rage


   Skills:
 * Level 15.7 Fighting
 * Level 15.6 Axes
 + Level 11.6 Armour
 + Level 10.6 Dodging


You had 9 spell levels left.
You didn't know any spells.
Your spell library was empty.

Dungeon Overview and Level Annotations

Branches:
Dungeon (1/1)

Altars:

Shops:
D :*[!!(::[?=[=[?

Annotations:
D exclusion: oklob plant


Innate Abilities, Weirdness & Mutations

You have a pair of horns on your head.
You reflexively headbutt those who attack you in melee.


Message History

The centaur warrior shoots an arrow.
The arrow hits you! The elephant tramples you!
* * * LOW HITPOINT WARNING * * *
You hold your ground!
The elephant trunk-slaps you.
* * * LOW HITPOINT WARNING * * *
Blink to where?
Press: ? - help, Dir - move target
As you read the scroll of blinking, it crumbles to dust.
The centaur warrior shoots an arrow.
The arrow misses you.
Unknown command.
You close the door.
A centaur warrior opens the door.
You close the door.
A centaur warrior opens the door.
The elephant completely misses you. You furiously retaliate!
You headbutt the elephant!
The elephant trunk-slaps you but does no damage.
A red film seems to cover your vision as you go berserk!
You feel yourself moving faster!
You feel mighty! The elephant tramples you!
* * * LOW HITPOINT WARNING * * *
You stumble backwards!
You hit the elephant.
The elephant is lightly wounded.
The elephant tramples you but does no damage.
The elephant barely misses you.
You slash the elephant! You headbutt the elephant.
The elephant is moderately wounded.
You barely miss the elephant. You headbutt the elephant!
The elephant is heavily wounded.
The elephant barely misses you. x2
You slash the elephant!
The elephant is severely wounded.
The elephant tramples you!
* * * LOW HITPOINT WARNING * * *
You stumble backwards!
You slash the elephant! You drain the elephant. You headbutt the elephant!
You kill the elephant!
Trog accepts your kill.
You have reached level 10!
The centaur warrior unwields a +0 shortbow.
The centaur warrior hits you!
You die...

##########@≈#+++#+++##
#########≈≈≈..§......#
.....∩.∩#≈≈≈≈.##+##..#
....∩.∩.#≈≈≈≈##.#.##
...∩.∩..#≈≈≈≈#.###.#
..∩.∩...#≈≈####.#.## #
.⌠......#≈##.###'## .##
..∩.∩...#≈#...##.##B..#
...∩.∩.§'≈c.#)cc@.+#
....∩.∩.#≈#...##.##B..#
▓▓▓▓▓▓###≈##.###'## .##
$$G######≈≈####...# #
!!$#Y ##≈≈≈#..#..#
∩P(+Y$ #'#≈##.#.##
(..#(# #.#≈≈##+##
!.$###≈ ### ≈≈≈ #+# #≈≈
+++#


You could see a yaktaur captain and a centaur warrior.

Vanquished Creatures
  A skeletal warrior (D)
  An elephant (D)
  A merfolk siren (D)
  A kobold demonologist (D)
  A blink frog (D)
  2 wyverns (D)
  Menkaure (D)
  4 necrophages (D)
12 creatures vanquished.

Vanquished Creatures (collateral kills)
  Kirke (D)
1 creature vanquished.

Vanquished Creatures (others)
  An unseen horror (D)
  A water moccasin (D)
2 creatures vanquished.

Grand Total: 15 creatures vanquished

Notes
Turn   | Place    | Note
-------+----------+-------------------------------------------
     0 | D        | Zeld the Minotaur Berserker began the quest for the Orb.
     0 | D        | Reached XP level 1. HP: 19/19 MP: 0/0
     1 | D        | Noticed a wyvern
     1 | D        | Noticed a wyvern
     5 | D        | Noticed a boulder beetle
     5 | D        | Noticed a boulder beetle
     9 | D        | Noticed a necrophage
     9 | D        | Noticed a necrophage
     9 | D        | Noticed a necrophage
     9 | D        | Noticed a necrophage
    19 | D        | Killed a necrophage
    20 | D        | Reached XP level 2. HP: 14/31 MP: 1/1
    20 | D        | Reached XP level 3. HP: 17/38 MP: 2/2
    20 | D        | Reached XP level 4. HP: 20/45 MP: 3/3
    20 | D        | Killed a necrophage
    21 | D        | Reached skill level 5 in Armour
    21 | D        | Reached skill level 5 in Dodging
    21 | D        | Reached XP level 5. HP: 25/56 MP: 4/4
    21 | D        | Killed a necrophage
    21 | D        | Reached ** piety under Trog
    25 | D        | Killed a necrophage
    26 | D        | Reached skill level 10 in Fighting
    26 | D        | Reached skill level 10 in Axes
    26 | D        | Reached XP level 6. HP: 20/66 MP: 5/5
    61 | D        | Killed a water moccasin
   312 | D        | Noticed a merfolk siren
   320 | D        | Killed a merfolk siren
   321 | D        | Reached XP level 7. HP: 74/74 MP: 6/6
   407 | D        | Killed a wyvern
   407 | D        | Reached *** piety under Trog
   410 | D        | Killed a wyvern
   567 | D        | Found Jeczorai's Antique Armour Emporium.
   567 | D        | Found Qorr's Antique Armour Shoppe.
   567 | D        | Found Zaxecuhe's Book Emporium.
   567 | D        | Found Wiced's Book Shoppe.
   567 | D        | Found Nekasa's Jewellery Shoppe.
   567 | D        | Found Cuwymoopn's Antique Weapon Emporium.
   568 | D        | Found Cierais's Distillery.
   568 | D        | Found Hiozu's Jewellery Shoppe.
   568 | D        | Found Ubop's Magic Scroll Shoppe.
   568 | D        | Found Ippuchi's Magic Scroll Emporium.
   569 | D        | Found Maenomn's Armour Shoppe.
   569 | D        | Found Qyriownai's General Store.
   569 | D        | Noticed an iron elemental
   570 | D        | Found Futoat's Antique Armour Shoppe.
   570 | D        | Found Cium's Distillery.
   571 | D        | Noticed Menkaure
   571 | D        | Noticed an oklob plant
   590 | D        | Killed Menkaure
   591 | D        | Reached XP level 8. HP: 85/85 MP: 7/7
   703 | D        | Found Teyrphur's Book Shoppe.
   705 | D        | Noticed a shining eye
   705 | D        | Noticed a shining eye
   705 | D        | Noticed a shining eye
   709 | D        | Bought a potion of heal wounds for 55 gold pieces
   709 | D        | Bought a potion of heal wounds for 55 gold pieces
   717 | D        | Bought a potion of heal wounds for 50 gold pieces
   717 | D        | Bought 2 potions of heal wounds for 100 gold pieces
   717 | D        | Bought a potion of might for 40 gold pieces
   725 | D        | Bought a scroll of brand weapon for 280 gold pieces
   729 | D        | Bought a scroll of enchant weapon for 97 gold pieces
   754 | D        | Noticed a blink frog
   764 | D        | Killed a blink frog
   764 | D        | Reached **** piety under Trog
   880 | D        | Noticed Kirke
   880 | D        | Noticed a skeletal warrior
   881 | D        | Noticed an elephant
   881 | D        | Noticed a flying skull
   881 | D        | Noticed a flying skull
   882 | D        | Noticed a yaktaur captain
   882 | D        | Noticed a kobold demonologist
   903 | D        | Killed Kirke
   904 | D        | Reached skill level 10 in Armour
   904 | D        | Reached skill level 10 in Dodging
   904 | D        | Reached XP level 9. HP: 89/96 MP: 8/8
   912 | D        | Killed a skeletal warrior
   913 | D        | Reached skill level 15 in Fighting
   913 | D        | Reached skill level 15 in Axes
   913 | D        | Noticed a rust devil
   915 | D        | Noticed a centaur warrior
   916 | D        | Killed a kobold demonologist
   918 | D        | Killed an unseen horror
   928 | D        | HP: 4/145 [elephant (15)]
   929 | D        | Killed an elephant
   930 | D        | Reached XP level 10. HP: 5/107 MP: 9/9
   930 | D        | Slain by a centaur warrior

Illustrated notes

Levels and vault maps discovered:
D:        the_violet_keep_of_menkaure [sprint2_stairs_cluster_1,
          sprint2_shoproom, sprint2_temple, sprint2_basic_supplies,
          sprint2_obstacle_4, sprint2_obstacle_2, sprint2_obstacle_1,
          sprint2_obstacle_6, sprint2_obstacle_7, sprint2_timed_cluster_1,
          sprint2_smallroom_cluster_1, sprint2_smallroom_final_cluster_1,
          sprint2_transparent_cluster_1, sprint2_second_timed_cluster_1,
          sprint2_sniper_area_1, sprint2_heavy_combat_area_1,
          sprint2_mutation_trap_area_1, sprint2_forest_area_1,
          sprint2_light_combat_area_1, sprint2_behind_water_1,
          sprint2_near_end_vault_1]

Skill      XL: |  1  2  3  4  5  6  7  8  9 |
---------------+----------------------------+-----
Fighting       | 6 8 10 11 12 14 15 | 15.7
Axes           | 6 8 10 11 12 14 15 | 15.6
Armour         | 4 5 7 8 9 10 11 | 11.6
Dodging        | 4 5 6 7 8 10 | 10.6

Action                   |  1- 3 |  4- 6 |  7- 9 | 10-12 || total
-------------------------+-------+-------+-------+-------++-------
Melee: Hand axe          |     6 |    11 |    37 |       ||    54
       Headbutt          |       |     3 |    11 |       ||    14
Invok: Berserk           |     1 |     1 |     3 |       ||     5
       Brothers in Arms  |       |       |     1 |       ||     1
  Use: Scroll            |       |       |     4 |       ||     4
       Potion            |       |       |     3 |       ||     3
Armor: Animal skin       |     4 |       |     3 |       ||     7
Dodge: Dodged            |    12 |     3 |    19 |       ||    34

Table legend: (Time is in decaauts)
 A = Elapsed time spent in this place.
 B = Non-inter-level travel time spent in this place.
 C = Inter-level travel time spent in this place.
 D = Time resting spent in this place.
 E = Time spent auto-exploring this place.
 F = Levels seen in this place.
 G = Mean time per level.
                   A        B        C        D        E       F      G
               +--------+--------+--------+--------+--------+-----+--------+
         Total |    979 |    979 |      0 |    740 |      0 |   1 |  979.0 |
       Dungeon |    979 |    979 |      0 |    740 |      0 |   1 |  979.0 |
               +--------+--------+--------+--------+--------+-----+--------+

Top non-repeatable levels by time:
       D: 979 daAuts
